 Dungeon Crawl Stone Soup version 0.28-a0-850-g09de17f5b5 (webtiles) character file.

Game seed: 9873032686089976277

137 siradein the Skirmisher (level 5, -1/44 HPs)
             Began as a Palentonga Fighter on Nov 13, 2021.
             Slain by Blork the orc (11 damage)
             ... on level 4 of the Dungeon.
             The game lasted 00:07:35 (3264 turns).

siradein the Skirmisher (Palentonga Fighter)        Turns: 3264, Time: 00:07:36

Health: -1/44      AC: 11    Str: 19    XL:     5   Next: 0%
Magic:  5/5        EV:  3    Int:  8    God:
Gold:   62         SH:  8    Dex: 11    Spells: 4/4 levels left

rFire   . . .      SeeInvis +   a - +0 long sword
rCold   + . .      Faith    .   u - +0 kite shield
rNeg    . . .      Spirit   .   s - +0 chain mail
rPois   .          Reflect  .   q - +0 helmet
rElec   .          Harm     .   i - +1 cloak
rCorr   .          Rampage  .   (no gloves)
Will    .....                   (no barding)
Stlth   ..........              (no amulet)
HPRegen 0.14/turn               g - ring of protection from cold
MPRegen 0.09/turn               p - ring of flight

@: flying
A: large, rugged brown scales 3, see invisible, deformed body, roll 1, armoured
tail
a: Rolling Charge


You were on level 4 of the Dungeon.
You visited 1 branch of the dungeon, and saw 4 of its levels.

You collected 170 gold pieces.
You spent 108 gold pieces at shops.

Inventory:

Hand Weapons
 a - a +0 long sword (weapon)
Armour
 i - a +1 cloak (worn)
 q - a +0 helmet (worn)
 s - a +0 chain mail (worn)
 u - a +0 kite shield (worn)
Jewellery
 g - a ring of protection from cold (left hand)
 p - a ring of flight (right hand)
Wands
 k - a wand of iceblast (8)
Scrolls
 b - a scroll of silence {unknown}
 c - a scroll of immolation {unknown}
 e - 2 scrolls of teleportation {unknown}
 f - 2 scrolls of amnesia {unknown}
 h - a scroll of fog {unknown}
 j - 2 scrolls of enchant armour {unknown}
 m - a scroll of holy word
 r - a scroll of vulnerability {unknown}
 t - 2 scrolls of identify
Potions
 d - 3 potions of might
 l - 2 potions of curing
 n - 2 potions of brilliance {unknown}
 o - a potion of mutation {unknown}


   Skills:
 + Level 3.8 Fighting
 + Level 3.0 Long Blades
 + Level 3.1 Armour
 + Level 3.2 Shields


You had 4 spell levels left.
You didn't know any spells.
Your spell library contained the following spells:

 Spells                   Type           Power      Damage    Failure   Level
 Inner Flame              Hex/Fire       0%         N/A       100%        3
 Cause Fear               Hex            0%         N/A       100%        4
 Petrify                  Tmut/Erth      0%         N/A       100%        4
 Metabolic Englaciation   Hex/Ice        0%         N/A       100%        5
 Statue Form              Tmut/Erth      0%         N/A       100%        6
 Discord                  Hex            0%         N/A       100%        8


Dungeon Overview and Level Annotations

Branches:
Dungeon (4/15)
 Temple: D:4-7

Altars:
Ashenzari
Dithmenos
Gozag
Okawaru
Ru

Shops:
D:3 [

Annotations:
D:4 Blork the orc


Innate Abilities, Weirdness & Mutations

You are completely covered in rugged brown scales. (AC +3, +7% HP)
You have supernaturally acute eyesight. (SInv)
Armour fits poorly on your strangely shaped body.
You can roll at nearby foes to attack.
You have a long armoured tail.


Message History

Blork the orc screams, "I'm going to kill you!"
Blork the orc gestures wildly while chanting.
Blork the orc seems to speed up.
The orc priest completely misses you.
Blork the orc hits you with a +0 dire flail.
You hit the orc priest.
The orc priest is heavily wounded.
You block Blork the orc's attack. The orc priest hits you with a +0 whip.
You block the orc's attack. The orc priest hits you with a +0 whip.
Blork the orc barely misses you.
You hit the orc priest.
The orc priest is heavily wounded.
Blork the orc hits you with a +0 dire flail.
The orc hits you with a +0 short sword.
The orc priest mumbles some strange prayers to Beogh against you.
You barely resist.
Blork the orc looks satisfied for a moment.
You barely miss the orc priest.
The orc priest is heavily wounded.
Blork the orc barely misses you. You block the orc's attack.
The orc priest casts a cantrip, but nothing happens.
Blork the orc barely misses you. The orc hits you but does no damage.
You block the orc priest's attack.
You slash the orc priest!
You kill the orc priest!
Blork the orc hits you but does no damage.
The orc hits you with a +0 short sword.
* * * LOW HITPOINT WARNING * * *
You block Blork the orc's attack.
Your Long Blades skill increases to level 3!
You have reached level 5!
Blork the orc hits you but does no damage.
Blork the orc gestures at you while chanting.
The magic dart hits you.
* * * LOW HITPOINT WARNING * * *
Blork the orc screams, "I'll cover the dungeon with your blood!"
Blork the orc casts a spell at you.
The magic dart hits you but does no damage.
Blork the orc looks braver for a moment.
Blork the orc hits you with a +0 dire flail!
You die...

#........# ##.......##
####......###.........#
#.##......##..........#
#####.#........##.o.......#
.##<.......#......####....#
##..##.......####o####......#
##.....#....#..# #...###...?####
#...........#..###...#.#.).....#
#...............@o.....)....#...#
.................###.####..##..##
..............(### ..# #..# ##
#.#.....>..###.# .## #..#
..##.......### # .. ..##
#...........# .#. . ...#
......#.....##.....# ....
......##.......#...##
.#.#.###.##....#.)...


You could see Blork the orc (fast).

Vanquished Creatures
  An orc priest (D:4)
  An adder (D:3)
  A gnoll (D:1)
  4 dart slugs
  3 orcs
  7 ball pythons
  5 bats
  8 endoplasms
  6 giant cockroaches
  7 hobgoblins
  6 jackals
  6 kobolds
  4 quokkas
  2 frilled lizards
  5 goblins
  2 rats (D:3)
68 creatures vanquished.

Vanquished Creatures (others)
  2 plants (D:3)
2 creatures vanquished.

Grand Total: 70 creatures vanquished

Notes
Turn   | Place    | Note
-------+----------+-------------------------------------------
     0 | D:1      | siradein the Palentonga Fighter began the quest for the
                  | Orb.
     0 | D:1      | Reached XP level 1. HP: 19/19 MP: 1/1
   275 | D:1      | Reached XP level 2. HP: 25/25 MP: 2/2
   419 | D:1      | Reached XP level 3. HP: 30/31 MP: 3/3
  1721 | D:3      | Found Gisifeut's Antique Armour Shoppe.
  1937 | D:3      | Reached XP level 4. HP: 30/37 MP: 4/4
  2112 | D:3      | Found an iron altar of Okawaru.
  2114 | D:3      | Found an opulent altar of Gozag.
  2114 | D:3      | Found a shadowy altar of Dithmenos.
  2114 | D:3      | Found a sacrificial altar of Ru.
  2115 | D:3      | Found a broken altar of Ashenzari.
  2217 | D:3      | Found a shadowy altar of Dithmenos.
  2763 | D:3      | Bought a kite shield for 108 gold pieces
  2886 | D:4      | Noticed an ogre
  3239 | D:4      | Noticed Blork the orc
  3252 | D:4      | Reached XP level 5. HP: 12/44 MP: 5/5
  3264 | D:4      | Slain by Blork the orc

Illustrated notes

Levels and vault maps discovered:
D:1:      giann_forest_graveyard, layout_basic, chequers_serial_rivers_micro_c,
          minmay_misc_feat_hallway, minmay_tripent
D:2:      layout_basic
D:3:      corexii_shack_village, layout_basic, minitemple, serial_shops,
          nicolae_shop_temple_entry_statues_fountains, kennysheep_flooded_box,
          hex_tiny, serial_bayou_lagoon_a, chequers_serial_rivers_micro_d
D:4:      minmay_diamond_boxcup, layout_cave_pools, uniq_blork_the_orc

Skill      XL: |  1  2  3  4 |
---------------+-------------+-----
Shields        | 3 |  3.2
Armour         | 3 |  3.1
Long Blades    | 3 |  3.0
Fighting       | |  3.8

Action                   |  1- 3 |  4- 6 || total
-------------------------+-------+-------++-------
Melee: Long sword        |   132 |    63 ||   195
       Tailslap          |     7 |     7 ||    14
 Abil: Rolling Charge    |    10 |     1 ||    11
  Use: Scroll            |     3 |       ||     3
Armor: Scale mail        |   102 |     8 ||   110
       Chain mail        |       |    27 ||    27
Dodge: Dodged            |    81 |    16 ||    97
Block: Buckler           |    32 |     3 ||    35
       Kite shield       |       |    12 ||    12

Table legend: (Time is in decaauts)
 A = Elapsed time spent in this place.
 B = Non-inter-level travel time spent in this place.
 C = Inter-level travel time spent in this place.
 D = Time resting spent in this place.
 E = Time spent auto-exploring this place.
 F = Levels seen in this place.
 G = Mean time per level.
                   A        B        C        D        E       F      G
               +--------+--------+--------+--------+--------+-----+--------+
         Total |   3322 |   3234 |     88 |    200 |   2329 |   4 |  830.5 |
       Dungeon |   3322 |   3234 |     88 |    200 |   2329 |   4 |  830.5 |
               +--------+--------+--------+--------+--------+-----+--------+

Top non-repeatable levels by time:
     D:3: 1390 daAuts
     D:2: 811 daAuts
     D:1: 800 daAuts
     D:4: 320 daAuts
